 Dungeon Crawl Stone Soup version 0.28-a0-247-gb8bfbab023 (webtiles) character file.

Game seed: 9842652359351701313

26 robertstho the Covered (level 2, 0/28 HPs)
             Began as a Deep Dwarf Fighter on Aug 25, 2021.
             Slain by a kobold (11 damage)
             ... on level 2 of the Dungeon.
             The game lasted 00:00:53 (833 turns).

robertstho the Covered (Deep Dwarf Fighter)          Turns: 833, Time: 00:00:54

Health: 0/28       AC:  8    Str: 19    XL:     2   Next: 89%
Magic:  0/0        EV:  7    Int:  8    God:
Gold:   53         SH:  8    Dex: 12    Spells: 1/1 levels left

rFire   . . .      SeeInvis .   a - +0 war axe
rCold   . . .      Faith    .   c - +0 kite shield
rNeg    . . .      Spirit   .   b - +0 scale mail
rPois   .          Reflect  .   i - +0 helmet
rElec   .          Harm     .   (no cloak)
rCorr   .          Rampage  .   (no gloves)
Will    .....                   (no boots)
Stlth   ..........              (no amulet)
HPRegen 0.00/turn               (no ring)
MPRegen 0.07/turn               (no ring)

@: no status effects
A: damage resistance, heal wounds, sense surroundings 1, no regeneration
a: Heal Wounds


You were on level 2 of the Dungeon.
You visited 1 branch of the dungeon, and saw 2 of its levels.

You collected 53 gold pieces.

Inventory:

Hand Weapons
 a - a +0 war axe (weapon)
Armour
 b - a +0 scale mail (worn)
 c - a +0 kite shield (worn)
 i - a +0 helmet (worn)
Scrolls
 g - a scroll of fog {unknown}
 j - a scroll of identify {unknown}
Potions
 d - a potion of might
 e - a potion of invisibility {unknown}
 f - 3 potions of curing {unknown}
 h - a potion of magic {unknown}
 k - 2 potions of haste {unknown}


   Skills:
 * Level 3.1 Fighting
 + Level 2.6 Axes
 * Level 3.8 Armour
 + Level 3.3 Shields


You had one spell level left.
You didn't know any spells.
Your spell library contained the following spells:

 Spells                   Type           Power      Damage    Failure   Level
 Foxfire                  Conj/Fire      0%         2x1d4     99%         1
 Sublimation of Blood     Necr           0%         N/A       100%        2
 Wereblood                Tmut           0%         N/A       100%        2
 Ice Form                 Ice/Tmut       0%         N/A       100%        4
 Fireball                 Conj/Fire      0%         3d3       100%        5
 Summon Hydra             Summ           0%         N/A       100%        7
 Polar Vortex             Ice            0%         N/A       100%        9


Dungeon Overview and Level Annotations

Branches:
Dungeon (2/15)

Altars:
Beogh


Innate Abilities, Weirdness & Mutations

You are resistant to damage.
You can heal yourself by infusing magical energy.
You passively map a small area around you.
You do not regenerate.


Message History

A kobold is nearby!
A kobold is nearby!
A kobold is nearby!
A kobold is nearby!
A kobold is nearby!
You barely miss the kobold.
The kobold hits you with a +1 whip of electrocution.
You are electrocuted!
Ouch! That really hurt!
* * * LOW HITPOINT WARNING * * *
You are too injured to fight recklessly!
You are too injured to fight recklessly!
You are too injured to fight recklessly!
You are too injured to fight recklessly!
You are too injured to fight recklessly!
You are too injured to fight recklessly!
You are too injured to fight recklessly!
You are too injured to fight recklessly!
You are too injured to fight recklessly!
You are too injured to fight recklessly!
You are too injured to fight recklessly!
You are too injured to fight recklessly!
You are too injured to fight recklessly!
You are too injured to fight recklessly!
Your magical essence is drained by the effort!
You feel much better. The kobold hits you but does no damage.
You closely miss the kobold. The kobold hits you but does no damage.
You are electrocuted!
The kobold barely misses you.
You are too injured to fight recklessly!
You are too injured to fight recklessly!
You are too injured to fight recklessly!
Your magical essence is drained by the effort!
You feel much better.
The kobold hits you with a +1 whip of electrocution.
You are electrocuted!
You barely miss the kobold. The kobold barely misses you.
You closely miss the kobold.
The kobold hits you with a +1 whip of electrocution.
You are electrocuted!
You die...

, , , * * * * *
.. * , * * ** ..
, , , ., , , #. ,
,* , , .# *
#!#######.# *
#......<#.######
* ,
........@.......,
#########K####=.
.# * * * ,, *..,
,, ### * , , *,*
, * * , ,, *


You could see a kobold.

Vanquished Creatures
  A ball python (D:1)
  2 endoplasms (D:1)
  2 giant cockroaches (D:1)
  A goblin (D:1)
  3 hobgoblins (D:1)
  5 kobolds (D:1)
  4 bats (D:1)
  6 rats (D:1)
24 creatures vanquished.

Notes
Turn   | Place    | Note
-------+----------+-------------------------------------------
     0 | D:1      | robertstho the Deep Dwarf Fighter began the quest for the
                  | Orb.
     0 | D:1      | Reached XP level 1. HP: 20/20 MP: 1/1
   100 | D:1      | Reached XP level 2. HP: 24/27 MP: 2/2
   112 | D:1      | Got the Incunabulum of Icy Conjuration
   152 | D:1      | Found a faded altar of an unknown god.
   833 | D:2      | Slain by a kobold

Illustrated notes

Levels and vault maps discovered:
D:1:      minmay_arrival_four_loops, layout_basic,
          hellmonk_ecumenical_altar_defaced_shrine, serial_glass,
          glass_columns_a, glass_columns_b, hex_large, minmay_door_square,
          minmay_tetromino_s2
D:2:      layout_basic, uniq_robin

Skill      XL: |  1  2 |
---------------+-------+-----
Fighting       | 3 |  3.1
Axes           | |  2.6
Armour         | |  3.8
Shields        | |  3.3

Action                   || total
-------------------------++-------
Melee: War axe           ||    74
 Abil: Heal Wounds       ||     2
Armor: Scale mail        ||    40
Dodge: Dodged            ||    30
Block: Kite shield       ||    45

Table legend: (Time is in decaauts)
 A = Elapsed time spent in this place.
 B = Non-inter-level travel time spent in this place.
 C = Inter-level travel time spent in this place.
 D = Time resting spent in this place.
 E = Time spent auto-exploring this place.
 F = Levels seen in this place.
 G = Mean time per level.
                   A        B        C        D        E       F      G
               +--------+--------+--------+--------+--------+-----+--------+
         Total |    877 |    851 |     26 |      0 |    642 |   2 |  438.5 |
       Dungeon |    877 |    851 |     26 |      0 |    642 |   2 |  438.5 |
               +--------+--------+--------+--------+--------+-----+--------+

Top non-repeatable levels by time:
     D:1: 868 daAuts
     D:2: 8 daAuts
